 Dungeon Crawl Stone Soup version 0.16-a0-4092-gb8933cd (console) character file.

272 MarvinPA the Magician (level 6, 22/28 HPs)
             Began as a Spriggan Necromancer on Feb 24, 2015.
             Quit the game on level 3 of the Dungeon.
             The game lasted 00:04:52 (3005 turns).

MarvinPA the Magician (Spriggan Necromancer)        Turns: 3005, Time: 00:04:52

Health: 22/28      AC:  2    Str:  4    XL:     6   Next: 2%
Magic:  18/21      EV: 18    Int: 18    God:
Gold:   31         SH:  0    Dex: 17    Spells: 4 memorised, 5 levels left

rFire  . . .     SeeInvis +     a - +0 short sword (holy)
rCold  . . .     Clarity  .     o - +0 robe
rNeg   . . .     SustAb   .     (shield restricted)
rPois  .         Gourm    .     (helmet restricted)
rElec  .         Spirit   .     (no cloak)
rCorr  .         Warding  .     (gloves unavailable)
rMut   .         Stasis   .     (boots unavailable)
MR     +....                    (no amulet)
Stlth  +++.......               (no ring)
                                (no ring)

@: very quick, somewhat resistant to hostile enchantments, fairly stealthy
A: unfitting armour, see invisible, herbivore 3, speed 3, slow metabolism 2
a: no special abilities


You were on level 3 of the Dungeon.
You were not hungry.

You visited 1 branch of the dungeon, and saw 3 of its levels.
You also visited: Sewer.

You collected 31 gold pieces.


Innate Abilities, Weirdness & Mutations

You are tiny and cannot use many weapons and most armour.
You have supernaturally acute eyesight.
You are a herbivore.
You cover ground extremely quickly.
You need consume almost no food.


   Skills:
 - Level 3.0 Dodging
 - Level 3.0 Stealth
 + Level 5.7 Spellcasting
 + Level 5.3 Necromancy


You had 5 spell levels left.
You knew the following spells:

 Your Spells              Type           Power        Failure   Level  Hunger
g - Regeneration          Chrm/Necr      ##........   14%         3    ##.....
x - Vampiric Draining     Necr           ###.......   4%          3    ##.....
z - Pain                  Necr           ###.         1%          1    None
X - Animate Dead          Necr           N/A          17%         4    ####...

Inventory:

Hand weapons
 a - a +0 short sword of holy wrath (weapon)
Armour
 o - a +0 robe (worn)
Jewellery
 l - a ring of fire
Scrolls
 d - a scroll of enchant weapon {unknown}
 e - 6 scrolls of identify {unknown}
 f - 2 scrolls of blinking {unknown}
 h - a scroll of amnesia {unknown}
 i - a scroll of remove curse {unknown}
 j - a scroll of noise {unknown}
 p - a scroll of recharging {unknown}
 r - a scroll of teleportation {unknown}
 s - a scroll of enchant armour {unknown}
 t - a scroll of random uselessness {unknown}
Potions
 g - 2 potions of agility {unknown}
 k - a potion of degeneration {unknown}
 m - a potion of might {unknown}
 n - a potion of haste {unknown}
 q - a potion of flight {unknown}
 u - a potion of curing {@q1}
Books
 b - a book of Necromancy
Comestibles
 c - 2 bread rations

Dungeon Overview and Level Annotations

Branches:
Dungeon (3/15)

Altars:
Gozag

######.>######
#.............
#........##### ##
#........# .B# #.
+........#
...<#.#####........#
#......#######.###
#...†..# #.# # #i.#
#.# #.###..# #.##
#......# #..#
#####.≈.#########.#
......≈.≈≈≈≈..≈≈##.#
######≈≈≈≈≈≈≈≈≈.#.#
#########[.#.#
##≈≈≈≈≈≈..#.#
##......≈.##.#


You could see a giant cockroach (sleeping).


Message History

Done exploring.
There is an open door here.
There is an empty arch of ancient stone here.
There is a gate leading back out of this place here.
Welcome back to the Dungeon!
There is a collapsed entrance here.
This spell is slightly dangerous to cast.
Memorise Animate Dead, consuming 4 spell levels and leaving 4?
You finish memorising.
Spell assigned to 'X'.
You enter the shallow water.
You see here a chain mail.
You enter the shallow water.
You enter the shallow water.
An adder and a giant cockroach come into view.
Found a stone staircase leading up.
Aiming: Pain
Aim: an adder (resting, chance 88%)
The adder convulses in agony!
Unknown command.
Aiming: Pain
Aim: an adder (heavily wounded, chance 88%)
The adder convulses in agony!
You kill the adder!
You have reached level 6!
Your experience leads to an increase in your attributes!
Increase (S)trength, (I)ntelligence, or (D)exterity?
You feel clever.
Unknown command.
Okay, then.
Are you sure you want to abandon this character and quit the game? (Confirm with "yes".)

Action                   |  1- 3 |  4- 6 || total
-------------------------+-------+-------++-------
Melee: Unarmed           |     1 |       ||     1
       Short sword       |       |    19 ||    19
 Cast: Pain              |    81 |    37 ||   118
       Vampiric Draining |     1 |     8 ||     9
  Use: Potion            |     1 |       ||     1
 Stab: Distracted        |       |     1 ||     1

Vault maps used:
D:1:      tarquinn_simple_flora_water_a
D:3:      minitemple, gup_sewer_entry_pipe
Sewer:    kennysheep_door_sewer

Notes
Turn   | Place    | Note
--------------------------------------------------------------
     0 | D:1      | MarvinPA, the Spriggan Necromancer, began the quest for the Orb.
     0 | D:1      | Reached XP level 1. HP: 9/9 MP: 4/4
   340 | D:1      | Reached skill level 3 in Spellcasting
   542 | D:1      | Reached XP level 2. HP: 10/13 MP: 3/8
  1324 | D:2      | Reached skill level 4 in Necromancy
  1708 | D:2      | Reached XP level 3. HP: 14/16 MP: 9/11
  1820 | D:2      | Learned a level 3 spell: Vampiric Draining
  1824 | D:2      | Learned a level 3 spell: Regeneration
  2092 | D:2      | Reached skill level 4 in Spellcasting
  2377 | D:3      | Reached XP level 4. HP: 11/21 MP: 8/15
  2424 | D:3      | Reached XP level 5. HP: 12/24 MP: 1/18
  2429 | D:3      | Found an opulent altar of Gozag.
  2497 | D:3      | Reached skill level 5 in Spellcasting
  2568 | D:3      | Found a glowing drain.
  2707 | Sewer    | Entered a sewer
  2760 | Sewer    | Noticed Purgy
  2786 | Sewer    | Killed Purgy
  2786 | Sewer    | Reached skill level 5 in Necromancy
  2987 | D:3      | Learned a level 4 spell: Animate Dead
  3004 | D:3      | Reached XP level 6. HP: 23/28 MP: 18/21
  3005 | D:3      | Quit the game

Vanquished Creatures
  Purgy (Sewer)
  A crimson imp (D:3)
  An orc priest (D:3)
  3 adders
  3 giant mites
  3 orcs (D:3)
  3 ball pythons
  6 giant cockroaches
  6 hobgoblins
  2 jackals (D:3)
  A quokka (D:2)
  7 bats
  4 giant geckos
  9 giant newts
  11 goblins
  6 kobolds
  6 rats
73 creatures vanquished.
